 Dungeon Crawl Stone Soup version 0.20-a0-947-g2784f4f (webtiles) character file.

282 Hybris the Sneak (level 6, -4/30 HPs)
             Began as a Spriggan Assassin on Apr 3, 2017.
             Slain by Hybris's ghost (6 damage)
             ... on level 3 of the Dungeon.
             The game lasted 00:13:41 (4191 turns).

Hybris the Sneak (Spriggan Assassin)                Turns: 4191, Time: 00:13:42

Health: -4/30      AC:  5    Str:  8 (9)  XL:     6   Next: 6%
Magic:  7/7        EV: 19    Int: 14 (15) God:
Gold:   52         SH:  0    Dex: 17 (19) Spells: 5/5 levels left

rFire    . . .     SeeInvis +   a - +2 dagger
rCold    . . .     Gourm    .   (shield restricted)
rNeg     . . .     Faith    .   c - +0 robe
rPois    .         Spirit   .   (helmet restricted)
rElec    .         Reflect  .   d - +0 cloak
rCorr    .         Harm     .   (gloves unavailable)
MR       +....                  (boots unavailable)
Stlth    ++++......             (no amulet)
Regen    0.1/turn               o - +2 ring of strength
MPRegen  0.1/turn               (no ring)

@: very quick
A: unfitting armour, hooves 1, yellow scales 1, see invisible, blink, clever 1,
herbivore 3, speed 3, slow metabolism 2
a: Blink


You were on level 3 of the Dungeon.
You were hungry.

You visited 1 branch of the dungeon, and saw 3 of its levels.

You collected 52 gold pieces.

Inventory:

Hand Weapons
 a - a +2 dagger (weapon)
 b - a +0 blowgun
 r - a +0 hunting sling
 u - a +1 dagger of pain
Missiles
 e - 2 poisoned needles
 f - 2 curare-tipped needles
 h - 108 stones (quivered)
 s - 9 sling bullets
Armour
 c - a +0 robe (worn)
 d - a +0 cloak (worn)
Jewellery
 o - a +2 ring of strength (left hand)
Wands
 x - a wand of random effects (8/48)
Scrolls
 k - a scroll of fear {unknown}
 l - a scroll of immolation {unknown}
 m - 2 scrolls of remove curse
 v - 2 scrolls of identify
 y - a scroll of recharging
Potions
 i - a potion of lignification {unknown}
 n - a potion of heal wounds {unknown}
 p - a potion of curing {unknown}
 q - 2 potions of flight
 t - a potion of resistance
Comestibles
 g - 2 bread rations
 j - 2 fruits
 B - a royal jelly


   Skills:
 - Level 1.5 Fighting
 * Level 4.8 Short Blades
 + Level 1.3(2.3) Slings
 - Level 2.3(2.5) Throwing
 + Level 4.3 Dodging
 + Level 7.5 Stealth


You had 5 spell levels left.
You didn't know any spells.

Dungeon Overview and Level Annotations

Branches:
Dungeon (3/15)

Altars:
Ashenzari
Hepliaklqana
Yredelemnul

Annotations:
D:3 Hybris's ghost, amateur OgBe


Innate Abilities, Weirdness & Mutations

You are very small and have problems with some larger weapons.
You are too small for most types of armour.
You have supernaturally acute eyesight. (SInv)
You are a herbivore.
You cover ground extremely quickly.
You need consume almost no food.
You have large cloven feet.
You are partially covered in yellow scales. (AC +2)
You can translocate small distances at will.
Your mind is acute. (Int +2)


Message History

* * * LOW HITPOINT WARNING * * *
You closely miss Hybris's ghost.
You kick Hybris's ghost, but do no damage.
Hybris's ghost is lightly damaged.
Hybris's ghost barely misses you.
You hit Hybris's ghost but do no damage.
You kick Hybris's ghost, but do no damage.
Hybris's ghost is lightly damaged.
Hybris's ghost hits you.
* * * LOW HITPOINT WARNING * * *
You closely miss Hybris's ghost.
Hybris's ghost is lightly damaged.
You hit Hybris's ghost.
Hybris's ghost is lightly damaged.
Hybris's ghost misses you.
You hit Hybris's ghost.
You kick Hybris's ghost, but do no damage.
Hybris's ghost is lightly damaged.
Hybris's ghost hits you.
You die...

##################
#.............)...
#.###############.
############## #.# #.
o............# #.###### #.
#.#####.####.# #...<..## #.
#.# #.####.###†###.#.##
####. #.#
#.......#.@.#.###.#####....
#.# ####......W..##
##....#.### #.#
##...#)..#.###.###.#.###
#.##
##.###.###.#.###......#
...#########.###)# ##.##
#.###### ...........#.....#
#.####.# #
...#######.#####.# #......#
# ..##### #.# #.# ######.#
# ......####.#####.#
#.######


You could see Hybris's ghost.

Vanquished Creatures
  An ogre (D:3)
  Jessica (D:2)
  Robin (D:2)
  3 gnolls (D:2)
  3 adders
  4 worms
  4 dart slugs
  A ball python (D:1)
  2 giant cockroaches
  16 goblins
  11 hobgoblins
  11 jackals
  A quokka (D:2)
  10 bats
  5 frilled lizards
  8 kobolds
  5 rats
87 creatures vanquished.

Notes
Turn   | Place    | Note
-------+----------+-------------------------------------------
     0 | D:1      | Hybris the Spriggan Assassin began the quest for the Orb.
     0 | D:1      | Reached XP level 1. HP: 10/10 MP: 2/2
    61 | D:1      | Reached skill level 6 in Stealth
   108 | D:1      | Reached XP level 2. HP: 14/14 MP: 3/3
   792 | D:1      | Reached XP level 3. HP: 12/18 MP: 4/4
  1927 | D:2      | Reached XP level 4. HP: 22/22 MP: 5/5
  2093 | D:2      | Reached skill level 7 in Stealth
  2236 | D:2      | Noticed Jessica
  2240 | D:2      | Killed Jessica
  2427 | D:2      | Reached XP level 5. HP: 25/25 MP: 6/6
  2559 | D:2      | Noticed Robin
  2655 | D:2      | Killed Robin
  2811 | D:3      | Found a hazy altar of Hepliaklqana.
  2991 | D:3      | Found a basalt altar of Yredelemnul.
  3024 | D:3      | Noticed Hybris's ghost (amateur OgBe)
  3193 | D:3      | Noticed an ogre
  3197 | D:3      | Killed an ogre
  3197 | D:3      | Reached skill level 1 in Slings
  3272 | D:3      | Gained mutation: You can translocate small distances at will. [potion of mutation]
  3272 | D:3      | Gained mutation: You are partially covered in yellow scales. (AC +2) [potion of mutation]
  3272 | D:3      | Gained mutation: You have large cloven feet. [potion of mutation]
  3272 | D:3      | Gained mutation: Your mind is acute. (Int +2) [potion of mutation]
  3370 | D:3      | Reached XP level 6. HP: 30/30 MP: 7/7
  3918 | D:3      | Found a shattered altar of Ashenzari.
  3965 | D:3      | Saw a vision of the Shoals and the Snake Pit.
  3965 | D:3      | Noticed a naga mage
  3965 | D:3      | Noticed a naga mage
  3965 | D:3      | Noticed a black mamba
  3965 | D:3      | Noticed a naga warrior
  3966 | D:3      | Noticed a black mamba
  4191 | D:3      | Slain by Hybris's ghost

Vault maps used:
D:1:      dpeg_arrival_rhombi
D:2:      uniq_robin, uniq_jessica
D:3:      marbit_many_paths, lemuel_crystal_altar, first_bread,
          kennysheep_cross_bottleneck, grunt_ashenzari_visionary

Skill      XL: |  1  2  3  4  5 |
---------------+----------------+-----
Stealth        | 6 7 |  7.5
Dodging        | 2 3 4 |  4.3
Short Blades   | 3 4 |  4.8
Slings         | 1 |  1.3
Fighting       | |  1.5
Throwing       | |  2.3

Action                   |  1- 3 |  4- 6 || total
-------------------------+-------+-------++-------
Melee: Dagger            |   128 |   109 ||   237
       Kick              |       |    14 ||    14
 Fire: Blowgun           |    10 |    36 ||    46
       Hunting sling     |       |    65 ||    65
Throw: Stone             |       |     5 ||     5
Evoke: Wand              |       |     2 ||     2
  Use: Scroll            |       |     6 ||     6
       Potion            |       |     5 ||     5
 Stab: Sleeping          |    15 |     4 ||    19
       Distracted        |     1 |       ||     1
Armor: Robe              |     9 |    10 ||    19
Dodge: Dodged            |    83 |   109 ||   192
